 Dungeon Crawl Stone Soup version 0.26-a0-958-gf3041fb45f (webtiles) character file.

Game seed: 1161521156839326392

15 PentaManta the Slasher (level 2, -1/20 HPs)
             Began as a Halfling Monk on Nov 30, 2020.
             Slain by a goblin
             ... wielding a +0 club
             ... led by Robin
              (8 damage)
             ... on level 2 of the Dungeon.
             The game lasted 00:01:18 (841 turns).

PentaManta the Slasher (Halfling Monk)               Turns: 841, Time: 00:01:18

Health: -1/20      AC:  5    Str: 12    XL:     2   Next: 65%
Magic:  2/2        EV: 14    Int:  8    God:
Gold:   18         SH:  0    Dex: 16    Spells: 1/1 levels left

rFire    . . .     SeeInvis .   a - +0 falchion
rCold    . . .     Faith    .   (shield restricted)
rNeg     . . .     Spirit   .   l - +0 ring mail
rPois    .         Reflect  .   (no helmet)
rElec    .         Harm     .   (no cloak)
rCorr    .         Rampage  .   (no gloves)
MR       .....                  (no boots)
Stlth    +.........             (no amulet)
HPRegen  0.06/turn              (no ring)
MPRegen  0.08/turn              (no ring)

@: no status effects
A: small, mutation resistance 1
a: no special abilities


You were on level 2 of the Dungeon.
You visited 1 branch of the dungeon, and saw 2 of its levels.

You collected 18 gold pieces.

Inventory:

Hand Weapons
 a - a +0 falchion (weapon)
 f - a +0 short sword
 m - a +0 hunting sling
Missiles
 e - 49 stones (quivered)
Armour
 l - a +0 ring mail (worn)
Scrolls
 b - a scroll of enchant weapon {unknown}
 c - a scroll of fog {unknown}
 d - a scroll of identify {unknown}
 h - a scroll of immolation {unknown}
 i - a scroll of teleportation {unknown}
 j - 2 scrolls of remove curse {unknown}
Potions
 g - 3 potions of lignification {unknown}
 k - a potion of curing {unknown}


   Skills:
 - Level 2.6 Fighting
 + Level 3.8 Long Blades
 + Level 0.2 Slings
 - Level 3.2 Dodging
 - Level 2.1 Stealth


You had one spell level left.
You didn't know any spells.
Your spell library was empty.

Dungeon Overview and Level Annotations

Branches:
Dungeon (2/15)

Altars:

Annotations:
D:2 Robin


Innate Abilities, Weirdness & Mutations

You are small and have problems with some larger weapons.
You are somewhat resistant to further mutation.


Message History

A goblin comes into view. It is wielding a +0 dagger.
The goblin completely misses you. Robin throws the goblin at you!
The goblin barely misses you.
You shoot a stone. The stone closely misses the goblin.
The goblin barely misses you. The goblin hits you with a +0 club.
A goblin comes into view. It is wielding a +0 club.
The goblin closely misses you.
You shoot a stone. The stone misses the goblin.
The goblin shouts!
The goblin completely misses you. The goblin barely misses you.
The goblin hits you but does no damage.
Robin roars a battlecry!
The goblins go into a battle-frenzy!
a - a +0 falchion (weapon)
The goblin closely misses you. The goblin hits you with a +0 club.
You barely miss the goblin.
The goblin is severely wounded.
The goblin hits you with a +0 club. Robin barely misses you.
The goblin hits you with a +0 club. The goblin hits you with a +0 club!
You die...

#######...
#g@gggg...
#g####(...
#..#####g###
.
...........#
#..#####.#.#
#.#.# #.. .
###.## .#


You could see Robin, a hobgoblin (strong) and 5 goblins.

Vanquished Creatures
  A leopard gecko (D:1)
  A giant cockroach (D:1)
  2 goblins
  2 hobgoblins (D:1)
  2 bats (D:1)
  A frilled lizard (D:1)
  2 kobolds (D:1)
  4 rats (D:1)
15 creatures vanquished.

Notes
Turn   | Place    | Note
-------+----------+-------------------------------------------
     0 | D:1      | PentaManta the Halfling Monk began the quest for the Orb.
     0 | D:1      | Reached XP level 1. HP: 15/15 MP: 1/1
   270 | D:1      | Reached XP level 2. HP: 20/20 MP: 2/2
   833 | D:2      | Noticed Robin
   841 | D:2      | Slain by a goblin

Illustrated notes

Levels and vault maps discovered:
D:1:      scummos_arrival_simple_fountains, layout_loops_ring
D:2:      layout_loops_cross, uniq_robin

Action                   || total
-------------------------++-------
Melee: Falchion          ||    40
 Fire: Hunting sling     ||    11
 Stab: Sleeping          ||     2
Armor: Robe              ||     3
       Ring mail         ||     4
Dodge: Dodged            ||    35
       Rpst.: Falchion   ||     5

Table legend: (Time is in decaauts)
 A = Elapsed time spent in this place.
 B = Non-inter-level travel time spent in this place.
 C = Inter-level travel time spent in this place.
 D = Time resting spent in this place.
 E = Time spent auto-exploring this place.
 F = Levels seen in this place.
 G = Mean time per level.
                   A        B        C        D        E       F      G
               +--------+--------+--------+--------+--------+-----+--------+
         Total |    846 |    744 |    102 |      0 |    588 |   2 |  423.0 |
       Dungeon |    846 |    744 |    102 |      0 |    588 |   2 |  423.0 |
               +--------+--------+--------+--------+--------+-----+--------+

Top non-repeatable levels by time:
     D:1: 829 daAuts
     D:2: 17 daAuts
